 Dungeon Crawl Stone Soup version 0.22.1-2-g9c5b331 (webtiles) character file.

2776 WarriorsX the Fighter (level 10, -4/83 HPs)
             Began as a Human Berserker on Dec 12, 2018.
             Was an Elder of Trog.
             Slain by Harold
             ... wielding a +0 battleaxe
              (11 damage)
             ... on level 8 of the Dungeon.
             The game lasted 00:20:43 (8474 turns).

WarriorsX the Fighter (Human Berserker)             Turns: 8474, Time: 00:20:44

Health: -4/83      AC: 16    Str: 22    XL:     10   Next: 1%
Magic:  10/10      EV:  8    Int:  7    God:    Trog [****..]
Gold:   277        SH:  0    Dex: 12    Spells: 9/9 levels left

rFire    . . .     SeeInvis .   o - +1 war axe
rCold    . . .     Gourm    .   (no shield)
rNeg     . . .     Faith    .   n - +0 plate armour
rPois    .         Spirit   .   k - +0 helmet
rElec    .         Reflect  .   y - +0 cloak (curse)
rCorr    +         Harm     .   (no gloves)
MR       ++...                  w - +0 pair of boots {run}
Stlth    ..........             (no amulet)
HPRegen  1.23/turn              a - ring of resist corrosion
MPRegen  0.12/turn              (no ring)

@: marked, berserk cooldown, regenerating, slowed, very slow
A: no striking features
a: Berserk, Trog's Hand, Brothers in Arms, Renounce Religion


You were on level 8 of the Dungeon.
You worshipped Trog.
Trog was greatly pleased with you.
You were near starving.

You visited 2 branches of the dungeon, and saw 9 of its levels.

You collected 277 gold pieces.

Inventory:

Hand Weapons
 o - a +1 war axe (weapon)
 q - a +0 great sword
 r - a cursed -2 trident
 u - a +5 trident
Armour
 k - a +0 helmet (worn)
 n - a +0 plate armour (worn)
 w - a +0 pair of boots of running (worn)
 y - a cursed +0 cloak (worn)
Jewellery
 a - a ring of resist corrosion (left hand)
 e - an uncursed ring of fire
Wands
 m - a wand of iceblast (13)
Scrolls
 b - a scroll of enchant weapon
 d - 3 scrolls of amnesia
 g - 2 scrolls of fear
 h - a scroll of remove curse
 l - 4 scrolls of identify
 t - a scroll of magic mapping
Potions
 f - 2 potions of curing
 i - 3 potions of agility
 j - 3 potions of mutation {unknown}
 p - a potion of brilliance
 s - a potion of ambrosia {unknown}
 v - a potion of heal wounds
 x - a potion of resistance
Comestibles
 c - 13 rations


   Skills:
 - Level 9.0 Fighting
 - Level 7.1 Axes
 - Level 6.0 Armour
 + Level 5.1 Dodging


You had 9 spell levels left.
You didn't know any spells.
Your spell library was empty.

Dungeon Overview and Level Annotations

Branches:
Dungeon (8/15)             Temple (1/1) D:6
   Lair: D:8-11

Altars:
Ashenzari
Cheibriados
Dithmenos
Elyvilon
Fedhas
Gozag
Hepliaklqana
Kikubaaqudgha
Makhleb
Okawaru
Qazlal
Ru
Sif Muna
Uskayaw
Vehumet
Wu Jian
Xom
Yredelemnul
Zin
The Shining One

Annotations:
D:8 Harold


Message History

Harold is heavily wounded.
Harold hits you with a battleaxe!
You hit Harold.
Harold is heavily wounded.
Harold barely misses you. x2
You barely miss Harold.
Harold is heavily wounded.
Harold gestures at you while chanting. The mark upon you grows brighter.
Your skin crawls.
You feel resistant to hostile enchantments.
You are near starving!
Harold hits you with a battleaxe!!
* * * LOW HITPOINT WARNING * * *
Harold says, "Do you have any idea what people are willing to pay to have you Harold hits you with a battleaxe!
* * * LOW HITPOINT WARNING * * *
Your two-headed ogre goes berserk!
You feel somewhat more hungry. Harold hits you with a battleaxe!
You die...

..# #.# #.# #.#
... #h# #@# #@# #
#O# .###.##.#
........##
.....##..#
#######..#######
#.............#
...####(.#####.#
#..#####.######.#


You could see Harold, a jackal and a friendly two-headed ogre (berserk).

Vanquished Creatures
  A phantom (D:4)
  An orc warrior (D:6)
  A hornet zombie (D:8)
  5 ogres
  2 centaurs
  6 bullfrogs
  2 wyvern skeletons (D:7)
  2 scorpions
  5 wights
  2 howler monkeys (D:4)
  6 crimson imps
  2 jellies
  5 orc priests
  4 iguanas
  7 worker ants
  3 orc wizards
  A hound zombie (D:6)
  A howler monkey zombie (D:6)
  Robin (D:2)
  7 gnolls
  7 adders
  A howler monkey skeleton (D:7)
  A shadow imp (D:5)
  2 dart slugs
  5 leopard geckos
  20 orcs
  2 ball pythons
  2 giant cockroaches
  20 goblins
  8 hobgoblins
  5 jackals
  4 quokkas
  7 bats
  3 frilled lizards
  5 kobolds
  A leopard gecko zombie (D:5)
  9 rats
166 creatures vanquished.

Notes
Turn   | Place    | Note
-------+----------+-------------------------------------------
     0 | D:1      | WarriorsX the Human Berserker began the quest for the Orb.
     0 | D:1      | Reached XP level 1. HP: 18/18 MP: 1/1
    61 | D:1      | Reached XP level 2. HP: 14/24 MP: 2/2
   686 | D:1      | Reached skill level 4 in Fighting
   686 | D:1      | Reached XP level 3. HP: 26/30 MP: 3/3
  1366 | D:2      | Reached ** piety under Trog
  1673 | D:2      | Reached XP level 4. HP: 14/38 MP: 4/4
  2019 | D:2      | Found a hide-covered altar of Uskayaw.
  2045 | D:2      | Reached skill level 5 in Fighting
  2066 | D:2      | Noticed Robin
  2129 | D:2      | Killed Robin
  2129 | D:2      | Reached XP level 5. HP: 17/44 MP: 5/5
  3228 | D:4      | Found a glowing silver altar of Zin.
  3261 | D:4      | Reached XP level 6. HP: 30/51 MP: 6/6
  3498 | D:4      | Reached *** piety under Trog
  3525 | D:4      | Noticed an ogre
  3536 | D:4      | Killed an ogre
  3801 | D:4      | Noticed a phantom
  3868 | D:4      | Killed a phantom
  3868 | D:4      | Reached skill level 5 in Axes
  3868 | D:4      | Reached XP level 7. HP: 38/56 MP: 7/7
  4100 | D:4      | Reached skill level 6 in Fighting
  4757 | D:4      | Reached XP level 8. HP: 64/65 MP: 8/8
  4773 | D:5      | Entered Level 5 of the Dungeon
  4797 | D:5      | Reached skill level 7 in Fighting
  4841 | D:5      | Found a blossoming altar of Fedhas.
  5081 | D:5      | Reached skill level 8 in Fighting
  5550 | D:6      | Found a staircase to the Ecumenical Temple.
  5703 | D:5      | Reached skill level 9 in Fighting
  5737 | Temple   | Entered the Ecumenical Temple
  6100 | D:6      | Found an ornate altar of the Wu Jian Council.
  6130 | D:6      | Found a stormy altar of Qazlal.
  6179 | D:6      | Reached XP level 9. HP: 68/76 MP: 9/9
  7143 | D:6      | Identified a +0 pair of boots of running (You found it on
                  | level 6 of the Dungeon)
  7389 | D:7      | Reached skill level 5 in Armour
  7420 | D:6      | Reached **** piety under Trog
  8433 | D:8      | Reached skill level 5 in Dodging
  8433 | D:8      | Reached XP level 10. HP: 60/83 MP: 10/10
  8449 | D:8      | Noticed Harold
  8474 | D:8      | Slain by Harold

Skill      XL: |  1  2  3  4  5  6  7  8  9 |
---------------+----------------------------+-----
Fighting       | 4 5 6 9 |  9.0
Armour         | 3 6 |  6.0
Dodging        | 3 5 |  5.1
Axes           | 5 7 |  7.1

Action                   |  1- 3 |  4- 6 |  7- 9 | 10-12 || total
-------------------------+-------+-------+-------+-------++-------
Melee: Hand axe          |   114 |    92 |       |       ||   206
       War axe           |       |   104 |   337 |    15 ||   456
Invok: Berserk           |     1 |     4 |     4 |     1 ||    10
       Trog's Hand       |       |       |       |     1 ||     1
       Brothers in Arms  |       |       |       |     1 ||     1
  Use: Scroll            |       |     5 |     4 |       ||     9
       Potion            |       |     4 |     1 |       ||     5
 Stab: Sleeping          |     1 |       |       |       ||     1
  Eat: Chunk             |     2 |    12 |    18 |     1 ||    33
Armor: Animal skin       |    27 |    22 |       |       ||    49
       Plate armour      |       |    69 |   243 |     5 ||   317
Dodge: Dodged            |    83 |   100 |   142 |     5 ||   330
